 Dungeon Crawl Stone Soup version 0.27.0-1-g7a089689b8 (webtiles) character file.

Game seed: 3112450985089853853

175 HungrySpirit the Skirmisher (level 5, -3/47 HPs)
             Began as a Demigod Summoner on Aug 1, 2021.
             Slain by a lemure (7 damage)
             ... led by Pikel
             ... on level 4 of the Dungeon.
             The game lasted 00:05:51 (4384 turns).

HungrySpirit the Skirmisher (Demigod Summoner)      Turns: 4384, Time: 00:05:52

Health: -3/47      AC:  2    Str: 13    XL:     5   Next: 7%
Magic:  10/10      EV: 12    Int: 17    God:
Gold:   160        SH:  0    Dex: 14    Spells: 4/7 levels left

rFire    . . .     SeeInvis .   b - +0 dagger (venom)
rCold    . . .     Faith    .   (no shield)
rNeg     . . .     Spirit   .   a - +0 robe
rPois    .         Reflect  .   (no helmet)
rElec    .         Harm     .   (no cloak)
rCorr    .         Rampage  .   (no gloves)
Will     .....                  (no boots)
Stlth    ++........             (no amulet)
HPRegen  0.15/turn              (no ring)
MPRegen  0.12/turn              (no ring)

@: no status effects
A: high mp 1, forlorn
a: no special abilities


You were on level 4 of the Dungeon.
You visited 1 branch of the dungeon, and saw 4 of its levels.

You collected 160 gold pieces.

Inventory:

Hand Weapons
 b - a +0 dagger of venom (weapon)
 h - a +0 war axe
 k - a +0 short sword of protection
Armour
 a - a +0 robe (worn)
 f - a +0 chain mail
 m - a +0 ring mail
Scrolls
 c - 5 scrolls of fear {unknown}
 d - a scroll of acquirement {unknown}
 e - 4 scrolls of teleportation {unknown}
 g - a scroll of noise {unknown}
 i - a scroll of magic mapping {unknown}
 j - a scroll of enchant armour {unknown}
 l - a scroll of identify {unknown}


   Skills:
 + Level 4.6 Fighting
 - Level 1.7 Dodging
 - Level 1.7 Stealth
 - Level 1.7 Spellcasting
 - Level 3.6 Summonings


You had 4 spell levels left.
You knew the following spells:

 Your Spells              Type           Power      Damage    Failure   Level
a - Summon Small Mammal   Summ           52%        N/A       4%          1
b - Call Imp              Summ           13%        N/A       7%          2

Your spell library contained the following spells:

 Spells                   Type           Power      Damage    Failure   Level
 Call Canine Familiar     Summ           13%        N/A       14%         3
 Shock                    Conj/Air       4%         1d3       21%         1
 Summon Guardian Golem    Hex/Summ       7%         N/A       28%         3
 Swiftness                Air            1%         N/A       52%         3
 Summon Lightning Spire   Summ/Air       7%         N/A       67%         4
 Airstrike                Air            0%         N/A       89%         4


Dungeon Overview and Level Annotations

Branches:
Dungeon (4/15)
 Temple: D:4-7

Annotations:
D:4 Pikel


Innate Abilities, Weirdness & Mutations

Your attributes grow dramatically as you level up.
You have an increased reservoir of magic. (+10% MP)
You shall have no god before yourself.


Message History

Your crimson imp blinks!
You closely miss Pikel.
Pikel is lightly wounded.
Pikel hits you with a +0 whip of freezing.
Pikel freezes you.
You completely miss Pikel.
Pikel is lightly wounded.
Pikel hits you with a +0 whip of freezing!
Pikel freezes you.
* * * LOW HITPOINT WARNING * * *
Your white imp closely misses Pikel.
Casting: Call Imp (safe; 7% risk of failure)
Confirm with . or Enter, or press ? or * to list all spells.
A beastly little devil appears in a puff of flame.
Pikel hits you with a +0 whip of freezing!
* * * LOW HITPOINT WARNING * * *
Pikel freezes you.
* * * LOW HITPOINT WARNING * * *
Your crimson imp hits the lemure.
Your crimson imp blinks!
Your crimson imp disappears in a puff of smoke!
You see here a +0 spear.
Pikel cracks his whip.
Your crimson imp blinks!
Your white imp gestures at Pikel.
The puff of frost hits the lemure.
Your white imp gestures at Pikel.
The puff of frost hits the lemure!
Pikel says, "Hell isn't that bad."
Pikel hits you with a +0 whip of freezing.
* * * LOW HITPOINT WARNING * * *
Pikel freezes you.
* * * LOW HITPOINT WARNING * * *
The lemure shouts!
You hit the lemure.
The lemure is severely wounded.
Pikel closely misses you. The lemure hits you.
* * * LOW HITPOINT WARNING * * *
The lemure hits you!
You die...

.'..................
#..............####
#..............#
#..............#
#.)............#
#####.............####
#....#########........
#..(.#########K.......
#....#.......5@.......
#....#................
#....#................
###....#................
........................
........................
........................
........................
........................


You could see Pikel and a lemure.

Vanquished Creatures
  A hound skeleton (D:4)
  2 adders
  An adder skeleton (D:4)
  A dart slug (D:4)
  4 ball pythons
  5 bats
  2 endoplasms
  4 goblins
  5 hobgoblins
  A quokka (D:3)
  A frilled lizard (D:2)
  A kobold (D:2)
  A rat (D:1)
29 creatures vanquished.

Vanquished Creatures (collateral kills)
  A water moccasin (D:4)
  A jelly (D:4)
  Robin (D:3)
  An adder (D:2)
  2 dart slugs
  6 orcs
  2 endoplasms
  12 goblins
  4 hobgoblins
  4 jackals (D:2)
  3 kobolds
  2 quokkas
  A bat (D:1)
  3 rats
43 creatures vanquished.

Grand Total: 72 creatures vanquished

Notes
Turn   | Place    | Note
-------+----------+-------------------------------------------
     0 | D:1      | HungrySpirit the Demigod Summoner began the quest for the
                  | Orb.
     0 | D:1      | Reached XP level 1. HP: 14/14 MP: 5/5
   320 | D:1      | Reached skill level 1 in Fighting
   508 | D:1      | Reached XP level 2. HP: 8/23 MP: 1/7
   512 | D:1      | Learned a level 2 spell: Call Imp
  1166 | D:2      | Reached skill level 2 in Fighting
  1476 | D:2      | Reached XP level 3. HP: 18/30 MP: 5/8
  1943 | D:3      | Noticed Robin
  2340 | D:3      | Killed Robin
  2341 | D:3      | Reached skill level 3 in Fighting
  3614 | D:4      | Reached XP level 4. HP: 34/38 MP: 9/9
  3858 | D:4      | Noticed a water moccasin
  3894 | D:4      | Killed a water moccasin
  3895 | D:4      | Reached skill level 4 in Fighting
  4138 | D:4      | Reached XP level 5. HP: 36/47 MP: 10/10
  4269 | D:4      | Noticed Pikel
  4384 | D:4      | Slain by a lemure

Illustrated notes

Levels and vault maps discovered:
D:1:      amcnicky_arrival_underground_garden, layout_basic,
          hellmonk_ecumenical_altar_heavens_door
D:2:      layout_basic
D:3:      layout_rooms, kennysheep_generic_room_3, uniq_robin
D:4:      layout_basic, uniq_pikel

Skill      XL: |  1  2  3  4 |
---------------+-------------+-----
Fighting       | 1 2 3 4 |  4.6
Dodging        | |  1.7
Stealth        | |  1.7
Spellcasting   | |  1.7
Summonings     | |  3.6

Action                   |  1- 3 |  4- 6 || total
-------------------------+-------+-------++-------
Melee: Dagger            |    46 |    27 ||    73
       Unarmed           |     7 |       ||     7
       Short sword       |    81 |       ||    81
 Cast: Summon Small Mamm |    19 |       ||    19
       Call Imp          |    36 |    14 ||    50
  Use: Potion            |     1 |       ||     1
 Stab: Sleeping          |     3 |       ||     3
Armor: Robe              |    17 |     5 ||    22
Dodge: Dodged            |   114 |    17 ||   131
